 Dungeon Crawl Stone Soup version 0.27-a0-1090-gb115f176c6 (webtiles) character file.

Game seed: 10264172310582860774

7999 gimp the Cleaver (level 11, -6/71 HPs)
             Began as a Djinni Fighter on Apr 27, 2021.
             Was an Elder of Okawaru.
             Mangled by a two-headed hydra (13 damage)
             ... on level 9 of the Dungeon.
             The game lasted 00:11:11 (8479 turns).

gimp the Cleaver (Djinni Fighter)                   Turns: 8479, Time: 00:11:11

Health: -6/71      AC: 17    Str: 18    XL:     11   Next: 24%
Gold:   1428       EV: 13    Int: 10    God:    Okawaru [****..] SH: 12 Dex: 13

rFire    + . .     SeeInvis .   a - +1 war axe (flame)
rCold    . . .     Faith    .   c - +0 kite shield
rNeg     . . .     Spirit   .   p - +1 swamp dragon scales
rPois    ∞         Reflect  .   (no helmet)
rElec    .         Harm     .   w - +0 cloak
rCorr    .         Rampage  .   i - +2 pair of gloves
Will     +....                  (boots unavailable)
Stlth    ++........             v - amulet of regeneration
HPRegen  1.21/turn              A - ring of ice
MPRegen  0.00/turn              (no ring)

@: heroic, flying
A: fire resistance 2, cold vulnerability 1, float, innate caster, hp casting,
extra vitality 1
a: Renounce Religion, Heroism


You were on level 9 of the Dungeon.
You worshipped Okawaru.
Okawaru was greatly pleased with you.
You visited 1 branch of the dungeon, and saw 9 of its levels.

You collected 1428 gold pieces.

Inventory:

Hand Weapons
 a - a +1 war axe of flaming (weapon)
 b - a +2 vorpal war axe
Missiles
 j - 2 boomerangs (quivered)
 k - 8 javelins
Armour
 c - a +0 kite shield (worn)
 i - a +2 pair of gloves (worn)
 p - +1 swamp dragon scales (worn)
 w - a +0 cloak (worn)
Jewellery
 v - an amulet of regeneration (around neck)
 A - a ring of ice (left hand)
Wands
 m - a wand of flame (7)
 o - a wand of paralysis (7)
 q - a wand of mindburst (12)
 s - a wand of iceblast (10)
 y - a wand of polymorph (9)
Scrolls
 e - 6 scrolls of teleportation
 n - a scroll of fog
 r - a scroll of identify
 u - a scroll of brand weapon
 z - a scroll of magic mapping
Potions
 d - a potion of might
 f - 3 potions of heal wounds
 g - 3 potions of lignification {unknown}
 h - 4 potions of invisibility {unknown}
 l - 5 potions of curing
 t - a potion of resistance {unknown}
 C - 2 potions of haste {unknown}


   Skills:
 - Level 3.0(8.0) Fighting
 * Level 10.7(15.7) Axes
 - Level 8.0(13.0) Armour
 + Level 3.1(8.1) Dodging
 - Level 5.0(10.0) Shields
 + Level 7.2 Invocations


You couldn't memorise any spells.
You knew the following spells:

 Your Spells              Type           Power      Damage    Failure   Level
a - Animate Skeleton      Necr           0%         N/A       73%         1
b - Ensorcelled Hibernat  Hex/Ice        0%         N/A       86%         2
c - Conjure Flame         Conj/Fire      0%         6-21      97%         3
d - Ignite Poison         Fire/Tmut/Pois 0%         N/A       97%         3
e - Fireball              Conj/Fire      0%         3d3       100%        5
Your spell library was empty.


Dungeon Overview and Level Annotations

Branches:
Dungeon (9/15)             Temple (0/1) D:5            Lair (0/6) D:8
    Orc: D:9-12

Altars:
Fedhas
Kikubaaqudgha
Makhleb
Okawaru
Uskayaw
Zin
The Shining One


Innate Abilities, Weirdness & Mutations

You are immune to poison.
Your flesh is very heat resistant. (rF++)
You are vulnerable to cold. (rC-)
You float through the air rather than walking.
You learn spells naturally, not from books.
Your magical power is your life essence.
You have superior vitality. (+4 HP)


Message History

The five-headed hydra bites you!
The five-headed hydra bites you but does no damage.
The five-headed hydra misses you. The five-headed hydra bites you!
You take 18 damage, and have 30/71 hp.
MASSIVE DAMAGE!!
You chop one of the five-headed hydra's heads off!
The flame cauterises the wound!
You hit the four-headed hydra. You burn the four-headed hydra.
The four-headed hydra is severely wounded.
The four-headed hydra bites you.
You block the four-headed hydra's attack.
The four-headed hydra bites you.
* * * LOW HITPOINT WARNING * * *
You block the four-headed hydra's attack.
You take 9 damage, and have 21/71 hp.
You hit the four-headed hydra. You burn the four-headed hydra.
The four-headed hydra is severely wounded.
You chop one of the four-headed hydra's heads off!
The flame cauterises the wound!
You slash the three-headed hydra! You burn the three-headed hydra.
The three-headed hydra is almost dead.
The three-headed hydra bites you but does no damage. x2
You block the three-headed hydra's attack.
You hack one of the three-headed hydra's heads off!
The flame cauterises the wound!
You hit the two-headed hydra. You burn the two-headed hydra.
The two-headed hydra is almost dead.
The two-headed hydra bites you.
* * * LOW HITPOINT WARNING * * *
You block the two-headed hydra's attack.
You take 5 damage, and have 18/71 hp.
You barely miss the two-headed hydra.
The two-headed hydra is almost dead.
The two-headed hydra misses you. The two-headed hydra bites you!
* * * LOW HITPOINT WARNING * * *
You take 12 damage, and have 6/71 hp.
You hit the two-headed hydra. You burn the two-headed hydra.
The two-headed hydra is almost dead.
The two-headed hydra closely misses you.
The two-headed hydra bites you!
You die...

.......... #########. #
## # #. ♣. ♣#.# .♣ #.
♣.♣#?#)#♣.♣ ########.
..#8#Z.♣ #........
#Z#T#♣.♣ #.######. #D#♣
.♣ ........
######@########<.......
...............#######..
.♣♣♣♣♣...♣♣♣♣♣.# ♣♣#..
♣.♣.♣ ♣. #..
.♣♣♣♣♣...♣♣♣♣♣. ♣♣. #..
.......†.......#♣.♣♣♣#..
#######'########♣.†)♣#..
♣. #...#.....#.###.#..
♣.♣♣...♣.♣♣♣.♣.#.#.#..


You could see a two-headed hydra, a troll, a centaur zombie and a howler monkey
zombie.

Vanquished Creatures
  An ugly thing (D:9)
  A wolf spider (D:9)
  Joseph (D:7)
  Maggie (D:6)
  2 hornets (D:7)
  2 wyverns (D:9)
  4 yaks (D:8)
  2 steam dragons
  Menkaure (D:4)
  3 wargs (D:8)
  2 water moccasins
  2 orc warriors
  4 black bears
  2 sky beasts
  5 necrophages
  9 centaurs
  Blork the orc (D:5)
  2 kobold brigands (D:9)
  A bullfrog (D:7)
  A gnoll sergeant (D:9)
  2 water moccasin skeletons
  15 killer bees
  9 wights
  3 howler monkeys
  4 centaur zombies
  2 bullfrog zombies
  A human zombie (D:4)
  A hound (D:6)
  Crazy Yiuf (D:7)
  A centaur skeleton (D:7)
  2 jellies (D:6)
  2 bullfrog skeletons
  4 orc priests (D:8)
  Jessica (D:3)
  2 iguanas
  Ijyb (D:4)
  4 orc wizards
  A scorpion zombie (D:5)
  A killer bee zombie (D:7)
  A hound zombie (D:4)
  A hound skeleton (D:5)
  2 mummies (D:4)
  A howler monkey zombie (D:9)
  3 gnolls (D:4)
  6 adders
  2 white imps
  3 worms
  An adder skeleton (D:4)
  18 orcs
  4 endoplasms
  A giant cockroach (D:1)
  4 goblins
  2 hobgoblins (D:3)
  10 jackals
  2 quokkas (D:1)
  9 ball pythons
  4 bats
  4 frilled lizards (D:1)
  9 kobolds
  A quokka zombie (D:4)
  6 rats
198 creatures vanquished.

Vanquished Creatures (others)
  A bush (D:5)
  8 plants (D:9)
9 creatures vanquished.

Grand Total: 207 creatures vanquished

Notes
Turn   | Place    | Note
-------+----------+-------------------------------------------
     0 | D:1      | gimp the Djinni Fighter began the quest for the Orb.
     0 | D:1      | Reached XP level 1. HP: 20/20 MP: 0/0
   215 | D:1      | Reached skill level 2 in Axes
   215 | D:1      | Reached XP level 2. HP: 23/25 MP: 0/0
   380 | D:1      | Found a faded altar of an unknown god.
   565 | D:1      | Reached XP level 3. HP: 26/30 MP: 0/0
   565 | D:1      | Learned a level 1 spell: Animate Skeleton
  1783 | D:3      | Reached skill level 3 in Axes
  1783 | D:3      | Reached XP level 4. HP: 31/35 MP: 0/0
  1937 | D:3      | Found a glowing golden altar of the Shining One.
  2029 | D:3      | Noticed Jessica
  2037 | D:3      | Killed Jessica
  2637 | D:4      | Noticed Menkaure
  2640 | D:4      | Killed Menkaure
  2641 | D:4      | Reached skill level 4 in Axes
  2641 | D:4      | Reached XP level 5. HP: 40/40 MP: 0/0
  2641 | D:4      | Learned a level 2 spell: Ensorcelled Hibernation
  2641 | D:4      | Noticed a black bear
  2663 | D:4      | Killed a black bear
  2664 | D:4      | Reached XP level 6. HP: 18/46 MP: 0/0
  3133 | D:4      | Noticed a necrophage
  3147 | D:4      | Killed a necrophage
  3148 | D:4      | Reached skill level 5 in Axes
  3148 | D:4      | Reached skill level 5 in Shields
  3148 | D:4      | Reached XP level 7. HP: 42/50 MP: 0/0
  3148 | D:4      | Learned a level 3 spell: Conjure Flame
  3630 | D:4      | Reached skill level 6 in Axes
  3779 | D:4      | Noticed Ijyb
  3793 | D:4      | Killed Ijyb
  4049 | D:4      | Found a glowing silver altar of Zin.
  4056 | D:4      | Reached XP level 8. HP: 56/56 MP: 0/0
  4193 | D:4      | Found an iron altar of Okawaru.
  4299 | D:4      | Became a worshipper of Warmaster Okawaru
  4339 | D:5      | Entered Level 5 of the Dungeon
  4541 | D:5      | Found a blossoming altar of Fedhas.
  4559 | D:5      | Noticed Blork the orc
  4583 | D:5      | Killed Blork the orc
  4644 | D:5      | Reached skill level 1 in Invocations
  5270 | D:5      | Reached skill level 7 in Axes
  5270 | D:5      | Reached skill level 5 in Armour
  5317 | D:5      | Found a staircase to the Ecumenical Temple.
  5502 | D:6      | Noticed Maggie
  5519 | D:6      | Killed Maggie
  5520 | D:6      | Reached XP level 9. HP: 37/60 MP: 0/0
  5520 | D:6      | Learned a level 3 spell: Ignite Poison
  5528 | D:6      | Reached * piety under Okawaru
  5738 | D:6      | Identified a scroll of acquirement
  5738 | D:6      | Acquired 944 gold pieces
  6090 | D:6      | Reached skill level 8 in Axes
  6548 | D:7      | Noticed a hornet
  6569 | D:7      | Killed a hornet
  6618 | D:7      | Found a runed translucent door.
  6619 | D:7      | Noticed Crazy Yiuf
  6696 | D:7      | Noticed Joseph
  6721 | D:7      | Killed Joseph
  6721 | D:7      | Reached ** piety under Okawaru
  6793 | D:7      | Reached skill level 5 in Invocations
  6793 | D:7      | Reached XP level 10. HP: 52/67 MP: 0/0
  6797 | D:7      | Reached skill level 9 in Axes
  7258 | D:7      | Found a burning altar of Makhleb.
  7324 | D:7      | Killed Crazy Yiuf
  7482 | D:8      | Reached *** piety under Okawaru
  7693 | D:8      | Found a staircase to the Lair.
  7707 | D:8      | Reached skill level 10 in Axes
  8058 | D:8      | Found a hide-covered altar of Uskayaw.
  8146 | D:9      | Reached **** piety under Okawaru
  8147 | D:9      | Reached skill level 1 in Dodging
  8348 | D:9      | Reached XP level 11. HP: 71/71 MP: 0/0
  8348 | D:9      | Learned a level 5 spell: Fireball
  8375 | D:9      | Noticed a red ugly thing
  8393 | D:9      | Killed a red ugly thing
  8440 | D:9      | Noticed a wolf spider
  8449 | D:9      | Killed a wolf spider
  8463 | D:9      | Noticed a seven-headed hydra
  8479 | D:9      | Mangled by a two-headed hydra

Illustrated notes

Levels and vault maps discovered:
D:1:      dpeg_arrival_brainrot, layout_loops_cross,
          shapermc_ecumenical_altar_starsandcircs
D:2:      layout_loops_ring, basic_altar, minmay_pentomino_q2
D:3:      layout_loops_ring, lemuel_doored_altar, uniq_jessica
D:4:      layout_basic, lemuel_mausoleum_altar_kikubaaqudgha, zin_statuary,
          lemuel_coloured_pillars_altar, uniq_ijyb, uniq_menkaure
D:5:      layout_basic, fedhas_bush_and_centaur_altar,
          minmay_temple_entry_purple_smoke, uniq_blork_the_orc
D:6:      layout_basic, uniq_maggie
D:7:      minmay_angry_zag, layout_cave_pools, lightli_temple_of_fire,
          nicolae_overflow_hidden_temple, minmay_misc_feat_rugged,
          uniq_crazy_yiuf_cottage, uniq_joseph
D:8:      layout_loops_ring, kennysheep_mini_moat, erik_lair_orcish_takeover
D:9:      nzn_winding_woodlands_stair_cross [nzn_winding_woodlands_5x15_cabin,
          nzn_winding_woodlands_center_garden,
          nzn_winding_woodlands_5x15_default,
          nzn_winding_woodlands_5x5_perimeter,
          nzn_winding_woodlands_5x5_checkerboard,
          nzn_winding_woodlands_5x15_concentric,
          nzn_winding_woodlands_center_diamonds,
          nzn_winding_woodlands_5x15_parted], layout_basic,
          nemelex_spade_bored_becter

Skill      XL: |  1  2  3  4  5  6  7  8  9 10 11 |
---------------+----------------------------------+-----
Axes           | 2 3 4 5 6 7 8 10 | 10.7
Shields        | 4 5 |  5.0
Armour         | 4 5 6 8 |  8.0
Invocations    | 3 5 6 7 |  7.2
Dodging        | 1 3 |  3.1
Fighting       | |  3.0

Action                   |  1- 3 |  4- 6 |  7- 9 | 10-12 || total
-------------------------+-------+-------+-------+-------++-------
Melee: War axe           |   153 |    77 |   345 |   305 ||   880
Throw: Boomerang         |       |       |     1 |       ||     1
Invok: Heroism           |       |       |     2 |     7 ||     9
Evoke: Wand              |       |     6 |     1 |       ||     7
  Use: Scroll            |       |       |    13 |     2 ||    15
       Potion            |       |       |     1 |     1 ||     2
 Stab: Paralysed         |       |       |     8 |       ||     8
Armor: Scale mail        |   103 |    54 |    98 |       ||   255
       Swamp dragon scal |       |       |    82 |   183 ||   265
Dodge: Dodged            |    58 |    28 |   120 |   152 ||   358
Block: Kite shield       |    87 |    67 |   179 |   220 ||   553

Table legend: (Time is in decaauts)
 A = Elapsed time spent in this place.
 B = Non-inter-level travel time spent in this place.
 C = Inter-level travel time spent in this place.
 D = Time resting spent in this place.
 E = Time spent auto-exploring this place.
 F = Levels seen in this place.
 G = Mean time per level.
                   A        B        C        D        E       F      G
               +--------+--------+--------+--------+--------+-----+--------+
         Total |   8746 |   8466 |    280 |    146 |   6406 |   9 |  971.8 |
       Dungeon |   8746 |   8466 |    280 |    146 |   6406 |   9 |  971.8 |
               +--------+--------+--------+--------+--------+-----+--------+

Top non-repeatable levels by time:
     D:4: 1789 daAuts
     D:5: 1302 daAuts
     D:1: 1044 daAuts
     D:3: 944 daAuts
     D:6: 913 daAuts
     D:7: 904 daAuts
     D:8: 761 daAuts
     D:2: 736 daAuts
     D:9: 350 daAuts
